 Dungeon Crawl Stone Soup version 0.30-a0-354-g6b83867211 (webtiles) character file.

Game seed: 17720777331631182762

61 Lanoc the Ducker (level 3, -6/29 HPs)
             Began as a Demonspawn Gladiator on Nov 7, 2022.
             Mangled by an orc
             ... wielding a +2 hand axe of electrocution
              (20 damage)
             ... on level 2 of the Dungeon.
             The game lasted 00:01:58 (1369 turns).

Lanoc the Ducker (Demonspawn Gladiator)             Turns: 1369, Time: 00:01:58

Health: -6/29      AC:  6    Str: 16    XL:     3   Next: 83%
Magic:  3/3        EV: 13    Int:  9    God:
Gold:   114        SH:  4    Dex: 20    Spells: 2/2 levels left

rFire   . . .      SeeInvis .    a - +0 war axe
rCold   . . .      Faith    .    (no shield)
rNeg    . . .      Spirit   .    b - +0 leather armour
rPois   .          Reflect  .    c - +0 helmet
rElec   .          Harm     .    (no cloak)
rCorr   .          Rampage  .    i - +1 pair of gloves
Will    .....                    (no boots)
Stlth   +.........               (no amulet)
HPRegen 0.24/turn                n - +6 ring of dexterity
MPRegen 0.08/turn                (no ring)

@: no status effects
A: powered by pain 1, condensation shield
a: no special abilities


You were on level 2 of the Dungeon.
You visited 1 branch of the dungeon, and saw 2 of its levels.

You collected 114 gold pieces.

Inventory:

Hand Weapons
 a - a +0 war axe (weapon)
Missiles
 d - 3 throwing nets (quivered)
 e - a javelin
Armour
 b - a +0 leather armour (worn)
 c - a +0 helmet (worn)
 i - a +1 pair of gloves (worn)
Jewellery
 n - a +6 ring of dexterity (left hand)
Scrolls
 f - a scroll of enchant armour {unknown}
 g - 2 scrolls of enchant weapon {unknown}
 h - a scroll of torment {unknown}
 k - a scroll of magic mapping {unknown}
 l - a scroll of noise {unknown}
 q - a scroll of poison {unknown}
Potions
 j - a potion of mutation {unknown}
 m - a potion of flight {unknown}
 o - a potion of berserk rage {unknown}
 p - 2 potions of haste {unknown}
 r - a potion of brilliance {unknown}


   Skills:
 + Level 3.2 Fighting
 - Level 2.6 Axes
 - Level 1.7 Throwing
 + Level 3.6 Dodging


You had 2 spell levels left.
You didn't know any spells.
Your spell library contained the following spells:

 Spells                   Type           Power      Damage    Failure   Level
 Stone Arrow              Conj/Erth      0%         3d7       83%         3
 Animate Armour           Summ/Erth      0%         N/A       99%         4
 Lehudib's Crystal Spear  Conj/Erth      0%         10d2      100%        8


Dungeon Overview and Level Annotations

Branches:
Dungeon (2/15)

Altars:


Innate Abilities, Weirdness & Mutations

You sometimes gain a little power by taking damage.
A meltable shield of frost defends you. (SH +4)


Message History

The bat is moderately wounded.
The bat closely misses you. The bat misses you.
You slash the bat!
You kill the bat!
No target in view!
You see here a +0 dagger.
An endoplasm comes into view.
The helpless endoplasm fails to defend itself.
You hit the endoplasm.
The endoplasm is moderately wounded.
You block the endoplasm's attack. The endoplasm barely misses you.
You hit the endoplasm.
You kill the endoplasm!
A bat comes into view.
The bat hits you but does no damage. x2
You miss the bat. The bat hits you but does no damage.
The bat closely misses you. The bat hits you but does no damage.
The bat misses you.
You closely miss the bat. The bat hits you. The bat barely misses you.
You block the bat's attack.
You slash the bat!
You kill the bat!
You see here a bat corpse.
An orc comes into view.
It is wielding a +2 hand axe of electrocution.
The orc shouts!
You closely miss the orc. The orc closely misses you.
You hit the orc but do no damage. The orc hits you but does no damage.
The orc closely misses you.
You barely miss the orc.
The orc hits you with a +2 hand axe of electrocution.
You are electrocuted!
You hit the orc.
The orc is moderately wounded.
The orc hits you but does no damage.
You hit the orc.
The orc is severely wounded.
The orc hits you with a +2 hand axe of electrocution.
You are electrocuted!!
Ouch! That really hurt!
You die...

###.# . #...#
## ## #.### ..
#.# #. #.# #.
#.# #. #.#
..#.##.######.#
.......@......#
.##.##o########
... ####


You could see an orc.

Vanquished Creatures
  2 adders (D:2)
  3 ball pythons
  5 endoplasms
  A giant cockroach (D:1)
  2 goblins
  2 hobgoblins (D:2)
  2 jackals (D:1)
  3 kobolds (D:1)
  4 quokkas
  7 bats
  5 frilled lizards
  6 rats
42 creatures vanquished.

Notes
Turn   | Place    | Note
-------+----------+-------------------------------------------
     0 | D:1      | Lanoc the Demonspawn Gladiator began the quest for the Orb.
     0 | D:1      | Reached XP level 1. HP: 16/16 MP: 1/1
   117 | D:1      | Gained mutation: You sometimes gain a little power by
                  | taking damage. [demonic ancestry]
   117 | D:1      | Reached XP level 2. HP: 22/23 MP: 2/2
   613 | D:1      | Gained mutation: A meltable shield of frost defends you.
                  | (SH +4) [demonic ancestry]
   613 | D:1      | Reached XP level 3. HP: 28/28 MP: 3/3
  1369 | D:2      | Mangled by an orc

Illustrated notes

Levels and vault maps discovered:
D:1:      elethiomel_arrival_quiet, layout_basic
D:2:      layout_loops_corners

Skill      XL: |  1  2  3 |
---------------+----------+-----
Dodging        | 3 |  3.6
Fighting       | 3 |  3.2
Axes           | |  2.6
Throwing       | |  1.7

Action                   || total
-------------------------++-------
Melee: War axe           ||    93
 Stab: Sleeping          ||     2
Armor: Leather armour    ||    30
Dodge: Dodged            ||    65
Block: Other             ||    13

Table legend: (Time is in decaauts)
 A = Elapsed time spent in this place.
 B = Non-inter-level travel time spent in this place.
 C = Inter-level travel time spent in this place.
 D = Time resting spent in this place.
 E = Time spent auto-exploring this place.
 F = Levels seen in this place.
 G = Mean time per level.
                   A        B        C        D        E       F      G
               +--------+--------+--------+--------+--------+-----+--------+
         Total |   1402 |   1380 |     22 |      0 |   1099 |   2 |  701.0 |
       Dungeon |   1402 |   1380 |     22 |      0 |   1099 |   2 |  701.0 |
               +--------+--------+--------+--------+--------+-----+--------+

Top non-repeatable levels by time:
     D:1: 783 daAuts
     D:2: 618 daAuts
